AoeStats
← 神圣罗马帝国 | Holy Roman

African Clearing

510946876Analyzed
4v4 RM · 6h ago on Oct 3, 2026· 25m 42s· 8 players
Game mode
Random Map
Map size
Large (8 player)
Population
200
Speed
Normal
Resources
Standard
Victory
Conquest
Starting age
Dark Age
Ending age
Imperial Age
RankedLock teamsTeams togetherTeam positionsShared explorationLock speedFull tech treeHidden civsTurbo modeCheats
Victory
Defeat
🇺🇸 Cumans · United States
1443
+13
🇲🇽 Spanish · Mexico
1344
+17
🇨🇳 Vikings · China
1320
+18
🇺🇸 Huns · United States
1155
+24
🇹🇼 Burmese · Taiwan
1400
-20
🇨🇳 Dravidians · China
1375
-19
🇦🇷 Franks · Argentina
1327
-17
1319
-16
FOX
4:15 Loom
14:13 Feudal Age
18:27 Castle Age
25:55 Wheelbarrow
The Stray King
9:29 Loom
11:54 Feudal Age
16:57 Fletching
21:06 Double-Bit Axe
21:30 Horse Collar
25:17 Castle Age
25:15 Scale Barding Armor
封不觉
4:50 Loom
13:20 Feudal Age
13:54 Double-Bit Axe
14:29 Man-at-Arms
16:45 Gold Mining
19:22 Forging
19:17 Arson
21:52 Scale Mail Armor
24:27 Castle Age
23:16 Horse Collar
25:33 Long Swordsman
26:14 Squires
WIZ
4:24 Loom
15:02 Feudal Age
20:50 Wheelbarrow
felixaleman1010
13:28 Feudal Age
15:47 Loom
16:04 Double-Bit Axe
18:20 Castle Age
16:37 Stone Mining
17:39 Scale Mail Armor
17:50 Forging
18:57 Fletching
21:36 Bodkin Arrow
MAD
9:10 Loom
10:32 Loom
13:02 Feudal Age
19:38 Castle Age
神圣罗马帝国 | Holy Roman
6:57 Loom
7:17 Loom
15:20 Feudal Age
16:12 Double-Bit Axe
21:55 Wheelbarrow
26:19 Castle Age
25:12 Domestication
从小耍到大
12:32 Loom
14:33 Feudal Age
15:27 Double-Bit Axe
20:01 Castle Age
19:42 Horse Collar
20:53 Stone Mining
Connection lost

Rejoining the realm…

Still unreachable

The connection could not be restored.

Session expired

The server has moved on; the page needs a fresh start.